 Dungeon Crawl Stone Soup version 0.31-a0-18-gea43df2a32 (webtiles) character file.

Game seed: 6103006364788407275

233 scionoferis the Slasher (level 6, -6/46 HPs)
             Began as a Djinni Warper on May 12, 2023.
             Mangled by Menkaure (17 damage)
             ... in an ossuary.
             The game lasted 00:10:08 (3226 turns).

scionoferis the Slasher (Djinni Warper)             Turns: 3226, Time: 00:10:09

Health: -6/46      AC:  4    Str: 10    XL:     6   Next: 26%
Gold:   126        EV: 11    Int: 17    God:
                   SH:  0    Dex: 12

rFire   + + .        a - +2 dagger (drain)
rCold   x . .        (no shield)
rNeg    . . .        j - +0 leather armour
rPois   ∞            (no helmet)
rElec   .            (no cloak)
rCorr   .            r - +0 pair of gloves
SInv    .            (boots unavailable)
Will    .....        (no amulet)
Stlth   ++           (no ring)
HPRegen 0.27/turn    (no ring)
MPRegen 0.00/turn

%: infuse magic (-7 HP)
@: flying, very slightly contaminated
A: sickness immunity, fire resistance 2, cold vulnerability 1, float, innate
caster, HP casting, extra vitality 1
a: no special abilities


You were in an ossuary.
You visited 1 branch of the dungeon, and saw 4 of its levels.
You also visited: Ossuary.

You collected 126 gold pieces.


Innate Abilities, Weirdness & Mutations

You are immune to sickness and miasma.
You are immune to poison.
Your flesh is very heat resistant. (rF++)
You are vulnerable to cold. (rC-)
You float through the air rather than walking.
You learn spells naturally, not from books.
Your magical power is your life essence.
You have superior vitality. (+4 MHP)


   Skills:
 + Level 3.0 Fighting
 * Level 3.5 Long Blades
 - Level 0.7 Throwing
 - Level 1.0 Armour
 - Level 2.1 Dodging
 + Level 1.7 Stealth
 * Level 3.5 Spellcasting


You knew the following spells:

 Your Spells              Type           Power      Damage    Failure   Level
a - Blink                 Tloc           28%        N/A       9%          2
b - Lesser Beckoning      Tloc           28%        N/A       9%          2
c - Vhi's Electric Charg  Tloc/Air       28%        N/A       16%         3
d - Teleport Other        Tloc           14%        N/A       16%         3
e - Manifold Assault      Tloc           14%        N/A       47%         4
f - Sandblast             Erth           28%        2d8       5%          1
g - Static Discharge      Conj/Air       28%        2-4/arc   9%          2
Your spell library was empty.

Inventory:

Hand Weapons
 a - a +2 dagger of draining (weapon)
   (You found it on level 2 of the Dungeon)
 b - a +0 falchion
Missiles
 d - 5 boomerangs of dispersal
 h - 3 boomerangs
 n - 7 poisoned darts
 p - 2 javelins
Armour
 j - a +0 leather armour (worn)
 r - a +0 pair of gloves (worn)
   (You found it on level 3 of the Dungeon)
Magical Staves
 l - a staff of air
   (You found it on level 2 of the Dungeon)
 o - a staff of cold
   (You found it on level 3 of the Dungeon)
Scrolls
 c - a scroll of blinking
 f - a scroll of enchant armour {unknown}
 g - a scroll of identify {unknown}
 m - a scroll of vulnerability {unknown}
 q - a scroll of summoning {unknown}
 t - a scroll of immolation {unknown}
Potions
 e - 2 potions of brilliance
 i - a potion of invisibility {unknown}
 k - a potion of magic {unknown}
 s - 2 potions of flight {unknown}

Dungeon Overview and Level Annotations

Branches:
Dungeon (4/15)            Ossuary (1/1)
 Temple: D:4-7

Altars:

Shops:
D:1 (   D:2 (

Annotations:
Ossuary Menkaure

##..##..## ##..##..##
##..##..## ##..##..##
##..##.^## ##^.##.^##
##..##..## ##..##..##
##..##^@##
##^.##.M#################
##..##.................M..
##..#######################
#..........................
###########################


You could see Menkaure.


Message History

You now have 126 gold pieces (gained 5).
An orc comes into view.
It is wielding a +0 hand axe. 2 orcs come into view.
Found a ring mail.
Found a stone staircase leading down.
The orc shouts! x2
You hit the orc. You drain the orc.
You kill the orc!
You have reached level 5!
The power to cast Static Discharge wells up from within.
Spell assigned to 'g'.
You barely miss the orc. The orc closely misses you.
You hit the orc.
The orc is moderately wounded.
The orc hits you with a +0 club.
You hit the orc.
You kill the orc!
You hit the orc. You drain the orc.
You kill the orc!
Items here: ))) †.
Found 2 javelins.
Found a book of Misfortune.
Found a stone staircase leading down.
You see here 2 javelins.
p - 2 javelins An adder comes into view.
The adder hisses angrily.
The adder moves out of view.
Found a pair of gloves.
You see here a scroll labelled ETTEXETORPH.
q - a scroll labelled ETTEXETORPH The adder completely misses you.
You hit the adder. You drain the adder.
The adder is moderately wounded.
The adder closely misses you.
You hit the adder.
The adder is heavily wounded.
The adder closely misses you.
You closely miss the adder.
The adder is heavily wounded.
The adder bites you but does no damage.
You hit the adder. You drain the adder.
You kill the adder!
A rat comes into view.
You see here a +0 pair of gloves.
r - a +0 pair of gloves You completely miss the rat.
The rat closely misses you.
You hit the rat.
You kill the rat!
You start putting on your armour.
You continue putting on your +0 pair of gloves. x4
You finish putting on your +0 pair of gloves.
Found a stone staircase leading up.
There is a stone staircase leading up here.
There is a stone staircase leading up here.
There is a stone staircase leading up here.
Found a stone staircase leading down.
Found a spear.
You see here a +0 spear.
s - a smoky ruby potion
t - a scroll labelled NYDGHAD KAKHOI
Things that are here:
a +0 leather armour; a +0 club A ball python comes into view.
The ball python hisses angrily.
The ball python bites you but does no damage.
The ball python grabs you. The ball python constricts you.
You hit the ball python. You drain the ball python.
You kill the ball python!
Your Long Blades skill increases to level 3!
No target in view!
Done exploring.
Done exploring.
Search for what [Enter for "d:", or ? for help]? blade Unknown command.
Search for what [Enter for "blade", or ? for help]? armour Unknown command.
Items here: ))) ÷.
There is a stone staircase leading down here.
Unknown command.
Unknown command.
You fly downwards.
You hear the hiss of flowing sand.
There is an entrance to an ossuary on this level.
Hurry and find it before the portal is buried!
The endoplasm quivers.
Found a scroll labelled DETOCUCUISA and a scroll labelled FYOJOCUM YLOOCW.
Found a stone staircase leading down.
There is a stone staircase leading up here.
The ball python hisses angrily.
The ball python closely misses you. The ball python grabs you.
The ball python constricts you.
You barely miss the ball python. The ball python barely misses you.
The ball python constricts you.
You barely miss the ball python. The ball python barely misses you.
The ball python constricts you.
You hit the ball python. You drain the ball python.
You kill the ball python!
You hit the endoplasm. You punch the endoplasm.
The endoplasm is almost dead.
The endoplasm hits you.
You hit the endoplasm but do no damage.
The endoplasm is almost dead.
The endoplasm freezes you.
You are frozen.
You feel a terrible chill!
You hit the endoplasm.
You kill the endoplasm!
There is a stone staircase leading up here.
HP restored.
Found a stone staircase leading down.
Found a smoky ruby potion.
A kobold comes into view. It is wielding a +0 dagger.
Found a sedimented cyan potion.
Found a stone staircase leading down.
You see here a smoky ruby potion.
s - 2 smoky ruby potions (gained 1)
You hear the slow hiss of an avalanche of sand.
There is a stone staircase leading down here.
You reach down and open the door.
A human skeleton comes into view.
b - a +0 falchion (weapon)
You hit the human skeleton but do no damage.
The human skeleton completely misses you.
You hit the human skeleton.
The human skeleton is lightly damaged.
The human skeleton hits you.
You barely miss the human skeleton.
The human skeleton is lightly damaged.
The human skeleton hits you.
You hit the human skeleton.
The human skeleton is lightly damaged.
The human skeleton barely misses you.
You closely miss the human skeleton.
The human skeleton is lightly damaged.
You closely miss the human skeleton.
The human skeleton is lightly damaged.
The human skeleton hits you!
You slash the human skeleton!
The human skeleton is moderately damaged.
The human skeleton hits you but does no damage.
You hit the human skeleton.
The human skeleton is moderately damaged.
The human skeleton hits you.
Unknown command.
Press: ? - help, v - describe, . - travel
Here: a human skeleton (moderately damaged)
An open door.
It was a potion of brilliance.
You feel clever all of a sudden. The human skeleton hits you.
Casting: Sandblast (safe; 6% risk of failure)
Confirm with . or Enter, or press ? or * to list all spells.
Aiming: Sandblast (safe; 6% risk of failure)
Press: ? - help, Shift-Dir - straight line, f - human skeleton
Aim: a human skeleton (moderately damaged, 92% to hit)
You feel a surge of power!
The blast of sand hits the human skeleton!
The human skeleton is heavily damaged.
The human skeleton hits you.
Casting: Sandblast (safe; 6% risk of failure)
Confirm with . or Enter, or press ? or * to list all spells.
Aiming: Sandblast (safe; 6% risk of failure)
Press: ? - help, Shift-Dir - straight line, f/p - human skeleton
Aim: a human skeleton (heavily damaged, 92% to hit)
You feel a surge of power!
The blast of sand hits the human skeleton!
The human skeleton is severely damaged.
The human skeleton closely misses you.
Unknown command.
Casting: Sandblast (safe; 6% risk of failure)
Confirm with . or Enter, or press ? or * to list all spells.
Aiming: Sandblast (safe; 6% risk of failure)
Press: ? - help, Shift-Dir - straight line, f/p - human skeleton
Aim: a human skeleton (severely damaged, 92% to hit)
You feel a surge of power!
The blast of sand hits the human skeleton!
You destroy the human skeleton!
* * * LOW HITPOINT WARNING * * *
You reach down and close the door.
You start resting.
You hear the slow hiss of an avalanche of sand.
You reach down and open the door.
There is an open door here.
You reach down and open the door.
There is an open door here.
You start resting.
You feel a little less clever now. As you open the door, it creaks loudly!
A human skeleton comes into view.
You hit the human skeleton.
The human skeleton is lightly damaged.
The human skeleton hits you.
Throw: 7 boomerangs (disperse)
Press: ? - help, Q - select action, (/) - cycle Shift-Dir - straight line, f - human skeleton
Aim: a human skeleton (lightly damaged, 73% to hit)
You throw a boomerang of dispersal.
The boomerang of dispersal hits the human skeleton and shatters for extra damage!
The human skeleton blinks!
The human skeleton is moderately damaged.
Throw: 6 boomerangs (disperse)
Press: ? - help, Q - select action, (/) - cycle Shift-Dir - straight line, f/p - human skeleton
Aim: a human skeleton (moderately damaged, 73% to hit)
You throw a boomerang of dispersal.
The boomerang of dispersal hits the human skeleton and shatters for extra damage.
The human skeleton blinks!
Which direction?
You reach down and close the door.
You start resting.
You hear the hiss of an avalanche of sand.
You start resting.
HP restored.
You reach down and open the door.
A human zombie comes into view.
Casting: Sandblast (safe; 6% risk of failure)
Confirm with . or Enter, or press ? or * to list all spells.
Aiming: Sandblast (safe; 6% risk of failure)
Press: ? - help, Shift-Dir - straight line, f - human zombie
Aim: a human zombie (87% to hit)
The blast of sand misses the human zombie.
The human zombie hits you.
Casting: Sandblast (safe; 6% risk of failure)
Confirm with . or Enter, or press ? or * to list all spells.
Aiming: Sandblast (safe; 6% risk of failure)
Press: ? - help, Shift-Dir - straight line, f/p - human zombie
Aim: a human zombie (87% to hit)
The blast of sand hits the human zombie!
The human zombie is moderately damaged.
The human zombie barely misses you. The human zombie hits you.
Casting: Sandblast (safe; 6% risk of failure)
Confirm with . or Enter, or press ? or * to list all spells.
Aiming: Sandblast (safe; 6% risk of failure)
Press: ? - help, Shift-Dir - straight line, f/p - human zombie
Aim: a human zombie (moderately damaged, 87% to hit)
The blast of sand hits the human zombie.
The human zombie is moderately damaged.
The human zombie hits you but does no damage.
Casting: Sandblast (safe; 6% risk of failure)
Confirm with . or Enter, or press ? or * to list all spells.
Aiming: Sandblast (safe; 6% risk of failure)
Press: ? - help, Shift-Dir - straight line, f/p - human zombie
Aim: a human zombie (moderately damaged, 87% to hit)
The blast of sand hits the human zombie!
The human zombie is heavily damaged.
The human zombie completely misses you.
Casting: Sandblast (safe; 6% risk of failure)
Confirm with . or Enter, or press ? or * to list all spells.
Aiming: Sandblast (safe; 6% risk of failure)
Press: ? - help, Shift-Dir - straight line, f/p - human zombie
Aim: a human zombie (heavily damaged, 87% to hit)
The blast of sand hits the human zombie.
The human zombie is severely damaged.
You hear the hiss of an avalanche of sand.
The human zombie hits you but does no damage.
Unknown command.
Casting: Sandblast (safe; 6% risk of failure)
Confirm with . or Enter, or press ? or * to list all spells.
Aiming: Sandblast (safe; 6% risk of failure)
Press: ? - help, Shift-Dir - straight line, f/p - human zombie
Aim: a human zombie (severely damaged, 87% to hit)
The blast of sand misses the human zombie.
The human zombie completely misses you.
Casting: Sandblast (safe; 6% risk of failure)
Confirm with . or Enter, or press ? or * to list all spells.
Aiming: Sandblast (safe; 6% risk of failure)
Press: ? - help, Shift-Dir - straight line, f/p - human zombie
Aim: a human zombie (severely damaged, 87% to hit)
The blast of sand hits the human zombie but does no damage.
The human zombie is severely damaged.
The human zombie hits you. x2
Casting: Sandblast (safe; 6% risk of failure)
Confirm with . or Enter, or press ? or * to list all spells.
Aiming: Sandblast (safe; 6% risk of failure)
Press: ? - help, Shift-Dir - straight line, f/p - human zombie
Aim: a human zombie (severely damaged, 87% to hit)
The blast of sand hits the human zombie!
The human zombie is almost destroyed.
The human zombie hits you!
* * * LOW HITPOINT WARNING * * *
Casting: Sandblast (safe; 6% risk of failure)
Confirm with . or Enter, or press ? or * to list all spells.
Aiming: Sandblast (safe; 6% risk of failure)
Press: ? - help, Shift-Dir - straight line, f/p - human zombie
Aim: a human zombie (almost destroyed, 87% to hit)
The blast of sand hits the human zombie!
You destroy the human zombie!
* * * LOW HITPOINT WARNING * * *
Unknown command.
You reach down and close the door.
You start resting.
You hear the brisk hiss of an avalanche of sand.
You start resting.
You hear the brisk hiss of an avalanche of sand.
You reach down and open the door.
A human skeleton comes into view.
Press: ? - help, v - describe, . - travel
Here: a human skeleton An open door.
You sense an unholy aura.
a - a +2 dagger of draining (weapon)
You hit the human skeleton.
The human skeleton is lightly damaged.
The human skeleton hits you.
You hit the human skeleton.
The human skeleton is moderately damaged.
The human skeleton closely misses you.
You hit the human skeleton.
The human skeleton is moderately damaged.
The human skeleton barely misses you.
You hit the human skeleton.
The human skeleton is heavily damaged.
You barely miss the human skeleton.
The human skeleton is heavily damaged.
The human skeleton hits you.
You hit the human skeleton but do no damage.
The human skeleton is heavily damaged.
The human skeleton hits you.
You hit the human skeleton.
The human skeleton is heavily damaged.
You hit the human skeleton.
The human skeleton is heavily damaged.
The human skeleton hits you.
You hit the human skeleton.
The human skeleton is severely damaged.
The human skeleton barely misses you.
You hit the human skeleton.
The human skeleton is severely damaged.
The human skeleton barely misses you.
You hit the human skeleton.
The human skeleton is severely damaged.
You barely miss the human skeleton.
The human skeleton is severely damaged.
The human skeleton closely misses you.
You hit the human skeleton.
The human skeleton is almost destroyed.
The human skeleton hits you but does no damage.
You hit the human skeleton.
The human skeleton is almost destroyed.
You hit the human skeleton.
You destroy the human skeleton!
You have reached level 6!
There is an open door here.
You reach down and open the door.
There is an open door here.
You reach down and open the door.
An orc skeleton comes into view.
Found a sand-covered staircase.
There is an open door here.
The helpless orc skeleton fails to defend itself.
You puncture the orc skeleton!
You destroy the orc skeleton!
There is a sand-covered staircase here.
The world spins around you as you enter the gateway.
You enter an ossuary!
Found a gate leading back out of this place.
There is an empty arch of ancient stone here.
A kobold zombie comes into view.
There is an empty arch of ancient stone here.
Unknown command.
Casting: Sandblast (safe; 5% risk of failure)
Confirm with . or Enter, or press ? or * to list all spells.
Aiming: Sandblast (safe; 5% risk of failure)
Press: ? - help, Shift-Dir - straight line, f - gnoll skeleton
Aim: a gnoll skeleton (100% to hit)
The blast of sand hits the gnoll skeleton!
You destroy the gnoll skeleton!
Unknown command.
You start resting.
HP restored.
Casting: Sandblast (safe; 5% risk of failure)
Confirm with . or Enter, or press ? or * to list all spells.
Aiming: Sandblast (safe; 5% risk of failure)
Press: ? - help, Shift-Dir - straight line, f - kobold zombie
Aim: a kobold zombie (dormant, 100% to hit)
The blast of sand hits the kobold zombie!
You destroy the kobold zombie!
Unknown command.
You start resting.
HP restored.
A hobgoblin skeleton comes into view.
Casting: Sandblast (safe; 5% risk of failure)
Confirm with . or Enter, or press ? or * to list all spells.
Aiming: Sandblast (safe; 5% risk of failure)
Press: ? - help, Shift-Dir - straight line, f - hobgoblin skeleton
Aim: a hobgoblin skeleton (98% to hit)
The blast of sand hits the hobgoblin skeleton.
The hobgoblin skeleton is heavily damaged.
Unknown command.
Casting: Sandblast (safe; 5% risk of failure)
Confirm with . or Enter, or press ? or * to list all spells.
Aiming: Sandblast (safe; 5% risk of failure)
Press: ? - help, Shift-Dir - straight line, f/p - hobgoblin skeleton
Aim: a hobgoblin skeleton (heavily damaged, 98% to hit)
The blast of sand hits the hobgoblin skeleton!
You destroy the hobgoblin skeleton!
Unknown command.
You start resting.
HP restored.
A gnoll skeleton comes into view.
Casting: Sandblast (safe; 5% risk of failure)
Confirm with . or Enter, or press ? or * to list all spells.
Aiming: Sandblast (safe; 5% risk of failure)
Press: ? - help, Shift-Dir - straight line, f - gnoll skeleton
Aim: a gnoll skeleton (100% to hit)
The blast of sand hits the gnoll skeleton!
The gnoll skeleton is severely damaged.
Unknown command.
Casting: Sandblast (safe; 5% risk of failure)
Confirm with . or Enter, or press ? or * to list all spells.
Aiming: Sandblast (safe; 5% risk of failure)
Press: ? - help, Shift-Dir - straight line, f/p - gnoll skeleton
Aim: a gnoll skeleton (severely damaged, 100% to hit)
The blast of sand hits the gnoll skeleton!
You destroy the gnoll skeleton!
Unknown command.
A goblin skeleton comes into view.
Casting: Sandblast (safe; 5% risk of failure)
Confirm with . or Enter, or press ? or * to list all spells.
Aiming: Sandblast (safe; 5% risk of failure)
Press: ? - help, Shift-Dir - straight line, f - goblin skeleton
Aim: a goblin skeleton (94% to hit)
The blast of sand hits the goblin skeleton!
You destroy the goblin skeleton!
Partly explored, can't reach some places.
What are your orders? t - Shout!
Orders for allies: a - Attack new target. r - Retreat! s - Stop attacking. g - Guard the area. f - Follow me.
Anything else - Cancel.
You shout for attention!
An orc skeleton comes into view.
The orc skeleton sets off the alarm!
The alarm trap emits a blaring wail!
A sentinel's mark forms upon you.
Really fly onto that alarm trap?
You set off the alarm!
The alarm trap emits a blaring wail!
The mark upon you grows brighter.
There is a gate leading back out of this place here.
Casting: Sandblast (safe; 5% risk of failure)
Confirm with . or Enter, or press ? or * to list all spells.
Aiming: Sandblast (safe; 5% risk of failure)
Press: ? - help, Shift-Dir - straight line, f - orc skeleton
Aim: an orc skeleton (98% to hit)
The blast of sand hits the orc skeleton!
You destroy the orc skeleton!
A goblin zombie comes into view.
A kobold skeleton comes into view.
Casting: Sandblast (safe; 5% risk of failure)
Confirm with . or Enter, or press ? or * to list all spells.
Aiming: Sandblast (safe; 5% risk of failure)
Press: ? - help, Shift-Dir - straight line, f - goblin zombie
Aim: a goblin zombie (89% to hit)
The blast of sand hits the goblin zombie!
You destroy the goblin zombie!
A kobold zombie comes into view.
Casting: Sandblast (safe; 5% risk of failure)
Confirm with . or Enter, or press ? or * to list all spells.
Aiming: Sandblast (safe; 5% risk of failure)
Press: ? - help, Shift-Dir - straight line, f - kobold skeleton
Aim: a kobold skeleton (94% to hit)
The blast of sand hits the kobold skeleton!
You destroy the kobold skeleton!
A kobold zombie comes into view.
Casting: Sandblast (safe; 5% risk of failure)
Confirm with . or Enter, or press ? or * to list all spells.
Aiming: Sandblast (safe; 5% risk of failure)
Press: ? - help, Shift-Dir - straight line, f - kobold zombie
Aim: a kobold zombie (89% to hit)
The blast of sand hits the kobold zombie!
You destroy the kobold zombie!
A hobgoblin zombie comes into view.
A hobgoblin zombie comes into view.
Casting: Sandblast (safe; 5% risk of failure)
Confirm with . or Enter, or press ? or * to list all spells.
Aiming: Sandblast (safe; 5% risk of failure)
Press: ? - help, Shift-Dir - straight line, f - kobold zombie
Aim: a kobold zombie (89% to hit)
The blast of sand misses the kobold zombie.
Casting: Sandblast (safe; 5% risk of failure)
Confirm with . or Enter, or press ? or * to list all spells.
Aiming: Sandblast (safe; 5% risk of failure)
Press: ? - help, Shift-Dir - straight line, f/p - kobold zombie
Aim: a kobold zombie (89% to hit)
The blast of sand hits the kobold zombie.
The kobold zombie is severely damaged.
A goblin zombie comes into view.
The kobold zombie misses you.
Casting: Sandblast (safe; 5% risk of failure)
Confirm with . or Enter, or press ? or * to list all spells.
Aiming: Sandblast (safe; 5% risk of failure)
Press: ? - help, Shift-Dir - straight line, f/p - kobold zombie
Aim: a kobold zombie (severely damaged, 89% to hit)
The blast of sand hits the kobold zombie!
You destroy the kobold zombie!
Unknown command.
Casting: Sandblast (safe; 5% risk of failure)
Confirm with . or Enter, or press ? or * to list all spells.
Aiming: Sandblast (safe; 5% risk of failure)
Press: ? - help, Shift-Dir - straight line, f - hobgoblin zombie
Aim: a hobgoblin zombie (94% to hit)
The blast of sand hits the hobgoblin zombie.
The hobgoblin zombie is heavily damaged.
The hobgoblin zombie hits you but does no damage.
Unknown command.
Casting: Sandblast (safe; 5% risk of failure)
Confirm with . or Enter, or press ? or * to list all spells.
Aiming: Sandblast (safe; 5% risk of failure)
Press: ? - help, Shift-Dir - straight line, f/p - hobgoblin zombie
Aim: a hobgoblin zombie (heavily damaged, 94% to hit)
The blast of sand hits the hobgoblin zombie!
You destroy the hobgoblin zombie!
Casting: Sandblast (safe; 5% risk of failure)
Confirm with . or Enter, or press ? or * to list all spells.
Aiming: Sandblast (safe; 5% risk of failure)
Press: ? - help, Shift-Dir - straight line, f - hobgoblin zombie
Aim: a hobgoblin zombie (94% to hit)
The blast of sand hits the hobgoblin zombie!
You destroy the hobgoblin zombie!
Unknown command.
Casting: Sandblast (safe; 5% risk of failure)
Confirm with . or Enter, or press ? or * to list all spells.
Aiming: Sandblast (safe; 5% risk of failure)
Press: ? - help, Shift-Dir - straight line, f - goblin zombie
Aim: a goblin zombie (89% to hit)
You miscast Sandblast.
You are very lightly contaminated with residual magic.
Nothing appears to happen.
Unknown command.
You hit the goblin zombie.
The goblin zombie is heavily damaged.
The goblin zombie hits you but does no damage.
You barely miss the goblin zombie.
The goblin zombie is heavily damaged.
The goblin zombie hits you.
You hit the goblin zombie but do no damage.
The goblin zombie is heavily damaged.
You hit the goblin zombie.
The goblin zombie is almost destroyed.
The goblin zombie hits you but does no damage.
You hit the goblin zombie.
You destroy the goblin zombie!
You start resting.
Your magical contamination has completely faded away.
You start resting.
The sentinel's mark upon you fades away.
You start resting.
HP restored.
An orc zombie comes into view.
Casting: Sandblast (safe; 5% risk of failure)
Confirm with . or Enter, or press ? or * to list all spells.
Aiming: Sandblast (safe; 5% risk of failure)
Press: ? - help, Shift-Dir - straight line, f - orc zombie
Aim: an orc zombie (94% to hit)
The blast of sand hits the orc zombie!
You destroy the orc zombie!
Unknown command.
You start resting.
HP restored.
An orc zombie comes into view.
Casting: Sandblast (safe; 5% risk of failure)
Confirm with . or Enter, or press ? or * to list all spells.
Aiming: Sandblast (safe; 5% risk of failure)
Press: ? - help, Shift-Dir - straight line, f - orc zombie
Aim: an orc zombie (94% to hit)
The blast of sand hits the orc zombie!
You destroy the orc zombie!
Unknown command.
A gnoll zombie comes into view.
Casting: Sandblast (safe; 5% risk of failure)
Confirm with . or Enter, or press ? or * to list all spells.
Aiming: Sandblast (safe; 5% risk of failure)
Press: ? - help, Shift-Dir - straight line, f - gnoll zombie
Aim: a gnoll zombie (wandering, hasn't noticed you, 96% to hit)
The blast of sand hits the gnoll zombie!
The gnoll zombie is severely damaged.
Unknown command.
Casting: Sandblast (safe; 5% risk of failure)
Confirm with . or Enter, or press ? or * to list all spells.
Aiming: Sandblast (safe; 5% risk of failure)
Press: ? - help, Shift-Dir - straight line, f/p - gnoll zombie
Aim: a gnoll zombie (severely damaged, 96% to hit)
The blast of sand hits the gnoll zombie!
You destroy the gnoll zombie!
Unknown command.
A gnoll skeleton comes into view.
Casting: Sandblast (safe; 5% risk of failure)
Confirm with . or Enter, or press ? or * to list all spells.
Aiming: Sandblast (safe; 5% risk of failure)
Press: ? - help, Shift-Dir - straight line, f - gnoll skeleton
Aim: a gnoll skeleton (100% to hit)
The blast of sand hits the gnoll skeleton.
The gnoll skeleton is moderately damaged.
Unknown command.
Casting: Sandblast (safe; 5% risk of failure)
Confirm with . or Enter, or press ? or * to list all spells.
Aiming: Sandblast (safe; 5% risk of failure)
Press: ? - help, Shift-Dir - straight line, f/p - gnoll skeleton
Aim: a gnoll skeleton (moderately damaged, 100% to hit)
The blast of sand hits the gnoll skeleton!
The gnoll skeleton is almost destroyed.
Unknown command.
Casting: Sandblast (safe; 5% risk of failure)
Confirm with . or Enter, or press ? or * to list all spells.
Aiming: Sandblast (safe; 5% risk of failure)
Press: ? - help, Shift-Dir - straight line, f/p - gnoll skeleton
Aim: a gnoll skeleton (almost destroyed, 100% to hit)
The blast of sand hits the gnoll skeleton!
You destroy the gnoll skeleton!
Unknown command.
You start resting.
HP restored.
A gnoll skeleton comes into view.
A gnoll zombie comes into view.
Casting: Sandblast (safe; 5% risk of failure)
Confirm with . or Enter, or press ? or * to list all spells.
Aiming: Sandblast (safe; 5% risk of failure)
Press: ? - help, Shift-Dir - straight line, f - gnoll skeleton
Aim: a gnoll skeleton (100% to hit)
The blast of sand hits the gnoll skeleton!
The gnoll skeleton is almost destroyed.
Casting: Sandblast (safe; 5% risk of failure)
Confirm with . or Enter, or press ? or * to list all spells.
Aiming: Sandblast (safe; 5% risk of failure)
Press: ? - help, Shift-Dir - straight line, f/p - gnoll skeleton
Aim: a gnoll skeleton (almost destroyed, 100% to hit)
The blast of sand hits the gnoll skeleton!
You destroy the gnoll skeleton!
Unknown command.
Casting: Sandblast (safe; 5% risk of failure)
Confirm with . or Enter, or press ? or * to list all spells.
Aiming: Sandblast (safe; 5% risk of failure)
Press: ? - help, Shift-Dir - straight line, f - gnoll zombie
Aim: a gnoll zombie (96% to hit)
The blast of sand hits the gnoll zombie!
The gnoll zombie is heavily damaged.
Unknown command.
Casting: Sandblast (safe; 5% risk of failure)
Confirm with . or Enter, or press ? or * to list all spells.
Aiming: Sandblast (safe; 5% risk of failure)
Press: ? - help, Shift-Dir - straight line, f/p - gnoll zombie
Aim: a gnoll zombie (heavily damaged, 96% to hit)
The blast of sand hits the gnoll zombie!
You destroy the gnoll zombie!
Unknown command.
You start resting.
HP restored.
A goblin zombie comes into view.
A goblin zombie comes into view.
Aiming: Sandblast (safe; 5% risk of failure)
Press: ? - help, Q - select action, (/) - cycle Shift-Dir - straight line, f - goblin zombie
Aim: a goblin zombie (89% to hit)
The blast of sand hits the goblin zombie!
You destroy the goblin zombie!
A gnoll zombie comes into view.
Aiming: Sandblast (safe; 5% risk of failure)
Press: ? - help, Q - select action, (/) - cycle Shift-Dir - straight line, f - goblin zombie
Aim: a goblin zombie (89% to hit)
The blast of sand hits the goblin zombie.
The goblin zombie is heavily damaged.
Aiming: Sandblast (safe; 5% risk of failure)
Press: ? - help, Q - select action, (/) - cycle Shift-Dir - straight line, f/p - goblin zombie
Aim: a goblin zombie (heavily damaged, 89% to hit)
The blast of sand hits the goblin zombie!
You destroy the goblin zombie!
A rat skeleton comes into view.
Aiming: Sandblast (safe; 5% risk of failure)
Press: ? - help, Q - select action, (/) - cycle Shift-Dir - straight line, f - gnoll zombie
Aim: a gnoll zombie (96% to hit)
The blast of sand hits the gnoll zombie!
You destroy the gnoll zombie!
Unknown command.
A hobgoblin skeleton comes into view.
Aiming: Sandblast (safe; 5% risk of failure)
Press: ? - help, Q - select action, (/) - cycle Shift-Dir - straight line, f - rat skeleton
Aim: a rat skeleton (98% to hit)
The blast of sand hits the rat skeleton!
You destroy the rat skeleton!
Unknown command.
Aiming: Sandblast (safe; 5% risk of failure)
Press: ? - help, Q - select action, (/) - cycle Shift-Dir - straight line, f - hobgoblin skeleton
Aim: a hobgoblin skeleton (98% to hit)
The blast of sand hits the hobgoblin skeleton.
The hobgoblin skeleton is almost destroyed.
A hobgoblin zombie comes into view.
Aiming: Sandblast (safe; 5% risk of failure)
Press: ? - help, Q - select action, (/) - cycle Shift-Dir - straight line, f/p - hobgoblin skeleton
Aim: a hobgoblin skeleton (almost destroyed, 98% to hit)
The blast of sand hits the hobgoblin skeleton!
You destroy the hobgoblin skeleton!
A rat skeleton comes into view.
Aiming: Sandblast (safe; 5% risk of failure)
Press: ? - help, Q - select action, (/) - cycle Shift-Dir - straight line, f - hobgoblin zombie
Aim: a hobgoblin zombie (94% to hit)
The blast of sand hits the hobgoblin zombie.
The hobgoblin zombie is moderately damaged.
Unknown command.
Aiming: Sandblast (safe; 5% risk of failure)
Press: ? - help, Q - select action, (/) - cycle Shift-Dir - straight line, f/p - hobgoblin zombie
Aim: a hobgoblin zombie (moderately damaged, 94% to hit)
The blast of sand hits the hobgoblin zombie!
You destroy the hobgoblin zombie!
Unknown command.
Aiming: Sandblast (safe; 5% risk of failure)
Press: ? - help, Q - select action, (/) - cycle Shift-Dir - straight line, f - rat skeleton
Aim: a rat skeleton (98% to hit)
The blast of sand hits the rat skeleton!
You destroy the rat skeleton!
Unknown command.
You start resting.
A kobold skeleton comes into view.
You start resting.
An orc skeleton comes into view.
You start resting.
HP restored.
Aiming: Sandblast (safe; 5% risk of failure)
Press: ? - help, Q - select action, (/) - cycle Shift-Dir - straight line, f - orc skeleton
Aim: an orc skeleton (98% to hit)
The blast of sand hits the orc skeleton!
You destroy the orc skeleton!
An orc skeleton comes into view.
Aiming: Sandblast (safe; 5% risk of failure)
Press: ? - help, Q - select action, (/) - cycle Shift-Dir - straight line, f - kobold skeleton
Aim: a kobold skeleton (94% to hit)
The blast of sand hits the kobold skeleton!
You destroy the kobold skeleton!
Unknown command.
You start resting.
HP restored.
You start waiting.
A goblin zombie comes into view.
A goblin zombie is nearby!
Aiming: Sandblast (safe; 5% risk of failure)
Press: ? - help, Q - select action, (/) - cycle Shift-Dir - straight line, f - goblin zombie
Aim: a goblin zombie (wandering, hasn't noticed you, 89% to hit)
The blast of sand hits the goblin zombie!
You destroy the goblin zombie!
Unknown command.
HP restored.
An orc zombie comes into view.
Aiming: Sandblast (safe; 5% risk of failure)
Press: ? - help, Q - select action, (/) - cycle Shift-Dir - straight line, f - orc zombie
Aim: an orc zombie (wandering, hasn't noticed you, 94% to hit)
The blast of sand hits the orc zombie.
The orc zombie is heavily damaged.
Unknown command.
Aiming: Sandblast (safe; 5% risk of failure)
Press: ? - help, Q - select action, (/) - cycle Shift-Dir - straight line, f/p - orc zombie
Aim: an orc zombie (heavily damaged, 94% to hit)
The blast of sand hits the orc zombie!
You destroy the orc zombie!
Unknown command. 2 gnoll zombies and a hobgoblin skeleton come into view.
Aiming: Sandblast (safe; 5% risk of failure)
Press: ? - help, Q - select action, (/) - cycle Shift-Dir - straight line, f - gnoll zombie
Aim: a gnoll zombie (wandering, hasn't noticed you, 96% to hit)
The blast of sand hits the gnoll zombie.
The gnoll zombie is moderately damaged.
Aiming: Sandblast (safe; 5% risk of failure)
Press: ? - help, Q - select action, (/) - cycle Shift-Dir - straight line, f/p - gnoll zombie
Aim: a gnoll zombie (moderately damaged, 96% to hit)
The blast of sand hits the gnoll zombie.
The gnoll zombie is heavily damaged.
Unknown command.
Aiming: Sandblast (safe; 5% risk of failure)
Press: ? - help, Q - select action, (/) - cycle Shift-Dir - straight line, f - gnoll zombie, p - gnoll zombie
Aim: a gnoll zombie (96% to hit)
The blast of sand misses the gnoll zombie.
The blast of sand hits the gnoll zombie!
The gnoll zombie is severely damaged.
The gnoll zombie hits you but does no damage.
Aiming: Sandblast (safe; 5% risk of failure)
Press: ? - help, Q - select action, (/) - cycle Shift-Dir - straight line, f/p - gnoll zombie
Aim: a gnoll zombie (severely damaged, 96% to hit)
The blast of sand hits the gnoll zombie!
You destroy the gnoll zombie!
The gnoll zombie hits you but does no damage.
Aiming: Sandblast (safe; 5% risk of failure)
Press: ? - help, Q - select action, (/) - cycle Shift-Dir - straight line, f/p - gnoll zombie
Aim: a gnoll zombie (severely damaged, 96% to hit)
The blast of sand hits the gnoll zombie!
You destroy the gnoll zombie!
Unknown command.
Aiming: Sandblast (safe; 5% risk of failure)
Press: ? - help, Q - select action, (/) - cycle Shift-Dir - straight line, f - hobgoblin skeleton
Aim: a hobgoblin skeleton (98% to hit)
You miscast Sandblast.
You are very lightly contaminated with residual magic.
Nothing appears to happen.
The hobgoblin skeleton hits you.
Aiming: Sandblast (safe; 5% risk of failure)
Press: ? - help, Q - select action, (/) - cycle Shift-Dir - straight line, f/p - hobgoblin skeleton
Aim: a hobgoblin skeleton (98% to hit)
The blast of sand hits the hobgoblin skeleton.
The hobgoblin skeleton is moderately damaged.
The hobgoblin skeleton hits you.
Aiming: Sandblast (safe; 5% risk of failure)
Press: ? - help, Q - select action, (/) - cycle Shift-Dir - straight line, f/p - hobgoblin skeleton
Aim: a hobgoblin skeleton (moderately damaged, 98% to hit)
The blast of sand hits the hobgoblin skeleton!
You destroy the hobgoblin skeleton!
Unknown command.
You start resting.
Your magical contamination has completely faded away.
You start resting.
HP restored.
A rat zombie comes into view.
Aiming: Sandblast (safe; 5% risk of failure)
Press: ? - help, Q - select action, (/) - cycle Shift-Dir - straight line, f - rat zombie
Aim: a rat zombie (94% to hit)
The blast of sand hits the rat zombie!
You destroy the rat zombie!
Unknown command.
Aiming: Sandblast (safe; 5% risk of failure)
Press: ? - help, Q - select action, (/) - cycle Shift-Dir - straight line, f - orc skeleton
Aim: an orc skeleton (98% to hit)
The blast of sand hits the orc skeleton!
You destroy the orc skeleton!
An orc zombie, a rat skeleton and a kobold skeleton come into view.
The rat skeleton sets off the alarm!
The alarm trap emits a blaring wail!
A sentinel's mark forms upon you.
You start waiting.
A kobold skeleton is nearby!
Aiming: Sandblast (safe; 5% risk of failure)
Press: ? - help, Q - select action, (/) - cycle Shift-Dir - straight line, f - kobold skeleton
Aim: a kobold skeleton (94% to hit)
The blast of sand hits the kobold skeleton!
You destroy the kobold skeleton!
Unknown command.
Aiming: Sandblast (safe; 5% risk of failure)
Press: ? - help, Q - select action, (/) - cycle Shift-Dir - straight line, f - orc zombie
Aim: an orc zombie (94% to hit)
The blast of sand hits the orc zombie!
You destroy the orc zombie!
A kobold skeleton comes into view.
Aiming: Sandblast (safe; 5% risk of failure)
Press: ? - help, Q - select action, (/) - cycle Shift-Dir - straight line, f - rat skeleton
Aim: a rat skeleton (98% to hit)
The blast of sand hits the rat skeleton!
You destroy the rat skeleton!
Unknown command.
Aiming: Sandblast (safe; 5% risk of failure)
Press: ? - help, Q - select action, (/) - cycle Shift-Dir - straight line, f - kobold skeleton
Aim: a kobold skeleton (94% to hit)
The blast of sand hits the kobold skeleton!
You destroy the kobold skeleton!
Unknown command.
You start resting.
A kobold skeleton comes into view.
Aiming: Sandblast (safe; 5% risk of failure)
Press: ? - help, Q - select action, (/) - cycle Shift-Dir - straight line, f - kobold skeleton
Aim: a kobold skeleton (94% to hit)
The blast of sand hits the kobold skeleton!
You destroy the kobold skeleton!
Unknown command.
You start resting.
The sentinel's mark upon you fades away.
A hobgoblin skeleton and an orc skeleton come into view.
Aiming: Sandblast (safe; 5% risk of failure)
Press: ? - help, Q - select action, (/) - cycle Shift-Dir - straight line, f - hobgoblin skeleton
Aim: a hobgoblin skeleton (wandering, hasn't noticed you, 98% to hit)
The blast of sand hits the hobgoblin skeleton.
The hobgoblin skeleton is heavily damaged.
Unknown command.
Aiming: Sandblast (safe; 5% risk of failure)
Press: ? - help, Q - select action, (/) - cycle Shift-Dir - straight line, f/p - hobgoblin skeleton
Aim: a hobgoblin skeleton (heavily damaged, 98% to hit)
The blast of sand hits the hobgoblin skeleton!
You destroy the hobgoblin skeleton!
Your Fighting skill increases to level 3!
Aiming: Sandblast (safe; 5% risk of failure)
Press: ? - help, Q - select action, (/) - cycle Shift-Dir - straight line, f - orc skeleton
Aim: an orc skeleton (98% to hit)
The blast of sand hits the orc skeleton!
You destroy the orc skeleton!
Unknown command.
You start resting.
HP restored.
A gnoll skeleton comes into view.
The gnoll skeleton sets off the alarm!
The alarm trap emits a blaring wail!
A sentinel's mark forms upon you.
You hear a shout!
You start waiting.
A gnoll skeleton is nearby!
Casting: Sandblast (safe; 5% risk of failure)
Confirm with . or Enter, or press ? or * to list all spells.
Aiming: Sandblast (safe; 5% risk of failure)
Press: ? - help, Shift-Dir - straight line, f - gnoll skeleton
Aim: a gnoll skeleton (100% to hit)
You miscast Sandblast.
You are very lightly contaminated with residual magic.
Nothing appears to happen.
A goblin skeleton comes into view.
Casting: Sandblast (safe; 5% risk of failure)
Confirm with . or Enter, or press ? or * to list all spells.
Aiming: Sandblast (safe; 5% risk of failure)
Press: ? - help, Shift-Dir - straight line, f/p - gnoll skeleton
Aim: a gnoll skeleton (100% to hit)
The blast of sand hits the gnoll skeleton.
The gnoll skeleton is heavily damaged.
Unknown command.
Casting: Sandblast (safe; 5% risk of failure)
Confirm with . or Enter, or press ? or * to list all spells.
Aiming: Sandblast (safe; 5% risk of failure)
Press: ? - help, Shift-Dir - straight line, f/p - gnoll skeleton
Aim: a gnoll skeleton (heavily damaged, 100% to hit)
The blast of sand hits the gnoll skeleton.
The gnoll skeleton is almost destroyed.
The sentinel's mark upon you fades away.
Unknown command.
Casting: Sandblast (safe; 5% risk of failure)
Confirm with . or Enter, or press ? or * to list all spells.
Aiming: Sandblast (safe; 5% risk of failure)
Press: ? - help, Shift-Dir - straight line, f/p - gnoll skeleton
Aim: a gnoll skeleton (almost destroyed, 100% to hit)
The blast of sand hits the gnoll skeleton.
You destroy the gnoll skeleton!
Unknown command.
Casting: Sandblast (safe; 5% risk of failure)
Confirm with . or Enter, or press ? or * to list all spells.
Aiming: Sandblast (safe; 5% risk of failure)
Press: ? - help, Shift-Dir - straight line, f - goblin skeleton
Aim: a goblin skeleton (94% to hit)
The blast of sand hits the goblin skeleton!
You destroy the goblin skeleton!
Your magical contamination has completely faded away.
Unknown command.
You start resting.
A kobold skeleton comes into view.
Casting: Sandblast (safe; 5% risk of failure)
Confirm with . or Enter, or press ? or * to list all spells.
Aiming: Sandblast (safe; 5% risk of failure)
Press: ? - help, Shift-Dir - straight line, f - kobold skeleton
Aim: a kobold skeleton (94% to hit)
The blast of sand hits the kobold skeleton!
You destroy the kobold skeleton!
Unknown command.
You start resting.
HP restored.
Menkaure, Prince of Dust comes into view.
You start waiting.
Menkaure is nearby!
Casting: Sandblast (safe; 5% risk of failure)
Confirm with . or Enter, or press ? or * to list all spells.
Aiming: Sandblast (safe; 5% risk of failure)
Press: ? - help, Shift-Dir - straight line, f - Menkaure
Aim: Menkaure (91% to hit)
The blast of sand hits Menkaure!
Menkaure is moderately damaged.
Unknown command.
Casting: Sandblast (safe; 5% risk of failure)
Confirm with . or Enter, or press ? or * to list all spells.
Aiming: Sandblast (safe; 5% risk of failure)
Press: ? - help, Shift-Dir - straight line, f/p - Menkaure
Aim: Menkaure (moderately damaged, 91% to hit)
The blast of sand hits Menkaure.
Menkaure is heavily damaged.
Menkaure mumbles a few words.
Menkaure hits you but does no damage.
Casting: Sandblast (safe; 5% risk of failure)
Confirm with . or Enter, or press ? or * to list all spells.
Aiming: Sandblast (safe; 5% risk of failure)
Press: ? - help, Shift-Dir - straight line, f/p - Menkaure
Aim: Menkaure (heavily damaged, 91% to hit)
The blast of sand misses Menkaure.
Menkaure hits you.
Unknown command.
Casting: Sandblast (safe; 5% risk of failure)
Confirm with . or Enter, or press ? or * to list all spells.
Aiming: Sandblast (safe; 5% risk of failure)
Press: ? - help, Shift-Dir - straight line, f/p - Menkaure
Aim: Menkaure (heavily damaged, 91% to hit)
The blast of sand misses Menkaure.
Menkaure whispers in an indecipherable tongue.
Menkaure hits you! Menkaure completely misses you.
Unknown command.
Casting: Sandblast (safe; 5% risk of failure)
Confirm with . or Enter, or press ? or * to list all spells.
Aiming: Sandblast (safe; 5% risk of failure)
Press: ? - help, Shift-Dir - straight line, f/p - Menkaure
Aim: Menkaure (heavily damaged, 91% to hit)
The blast of sand hits Menkaure but does no damage.
Menkaure is heavily damaged.
Menkaure barely misses you.
Unknown command.
Casting: Sandblast (safe; 5% risk of failure)
Confirm with . or Enter, or press ? or * to list all spells.
Aiming: Sandblast (safe; 5% risk of failure)
Press: ? - help, Shift-Dir - straight line, f/p - Menkaure
Aim: Menkaure (heavily damaged, 91% to hit)
You miscast Sandblast.
You are very lightly contaminated with residual magic.
Nothing appears to happen.
Menkaure hits you!
* * * LOW HITPOINT WARNING * * *
Casting: Sandblast (safe; 5% risk of failure)
Confirm with . or Enter, or press ? or * to list all spells.
Aiming: Sandblast (safe; 5% risk of failure)
Press: ? - help, Shift-Dir - straight line, f/p - Menkaure
Aim: Menkaure (heavily damaged, 91% to hit)
The blast of sand hits Menkaure.
Menkaure is heavily damaged.
* * * LOW HITPOINT WARNING * * *
Menkaure hits you!
You die...

Skill      XL: |  1  2  3  4  5  6 |
---------------+-------------------+-----
Long Blades    | 2 3 |  3.5
Stealth        | 1 |  1.7
Spellcasting   | 3 |  3.5
Fighting       | 3 |  3.0
Throwing       | |  0.7
Armour         | |  1.0
Dodging        | |  2.1

Action                     |  1- 3 |  4- 6 || total
---------------------------+-------+-------++-------
  Melee: Falchion          |    48 |     9 ||    57
         Punch             |     2 |     1 ||     3
         Dagger            |    35 |    79 ||   114
  Throw: Boomerang         |       |     2 ||     2
   Cast: Sandblast         |       |    86 ||    86
    Use: Potion            |       |     1 ||     1
   Stab: Sleeping          |     1 |     1 ||     2
 Armour: Leather armour    |    20 |    16 ||    36
  Dodge: Dodged            |    45 |    37 ||    82

Levels and vault maps discovered:
D:1:      arrival_zaba_pyramid, layout_basic, serial_shops,
          nicolae_shop_bloodbath_and_beyond
D:2:      layout_rooms, serial_shops, nicolae_shop_waterfront, minmay_tromino_v7
D:3:      layout_rooms
D:4:      layout_rooms, temple_statues, nicolae_ossuary_entry_catacombs,
          minmay_misc_feat_plants, serial_bayou_pond_d, minmay_small_thing,
          uniq_duvessa
Ossuary:  ossuary_due_pyramid

Notes
Turn   | Place    | Note
-------+----------+-------------------------------------------
     0 | D:1      | scionoferis the Djinni Warper began the quest for the Orb.
     0 | D:1      | scionoferis set off with the following spells memorised:
                  | Blink, Lesser Beckoning, Vhi's Electric Charge, Teleport
                  | Other, Manifold Assault.
     0 | D:1      | Reached XP level 1. HP: 18/18 MP: 0/0
   470 | D:1      | Reached skill level 2 in Long Blades
   470 | D:1      | Reached XP level 2. HP: 22/23 MP: 0/0
   615 | D:1      | Found Piywie's Weapon Boutique.
   895 | D:2      | Found Nejun's Weapon Shoppe.
  1167 | D:2      | Reached XP level 3. HP: 16/28 MP: 0/0
  1167 | D:2      | Learned a level 1 spell: Sandblast
  1523 | D:2      | Reached XP level 4. HP: 29/34 MP: 0/0
  1547 | D:3      | Reached skill level 1 in Stealth
  1547 | D:3      | Reached skill level 3 in Spellcasting
  1950 | D:3      | Reached XP level 5. HP: 39/39 MP: 0/0
  1950 | D:3      | Learned a level 2 spell: Static Discharge
  2167 | D:3      | Reached skill level 3 in Long Blades
  2562 | D:4      | Reached XP level 6. HP: 30/45 MP: 0/0
  2568 | D:4      | Found a sand-covered staircase.
  2573 | Ossuary  | Entered an ossuary
  3122 | Ossuary  | Reached skill level 3 in Fighting
  3198 | Ossuary  | Noticed Menkaure
  3226 | Ossuary  | Mangled by Menkaure

Vanquished Creatures
  A human zombie (D:4)
  2 human skeletons (D:4)
  An orc priest (D:3)
  4 adders (D:2 D:3)
  A dart slug (D:1)
  11 orcs (D:2 D:3)
  2 ball pythons (D:3 D:4)
  An endoplasm (D:4)
  A giant cockroach (D:1)
  A hobgoblin (D:1)
  5 bats (D:1 D:2 D:3)
  2 frilled lizards (D:3)
  5 gnoll skeletons (Ossuary)
  5 gnoll zombies (Ossuary)
  6 goblins (D:1 D:2 D:3)
  2 goblin skeletons (Ossuary)
  5 goblin zombies (Ossuary)
  4 hobgoblin skeletons (Ossuary)
  3 hobgoblin zombies (Ossuary)
  3 kobolds (D:2 D:3)
  6 kobold skeletons (Ossuary)
  3 kobold zombies (Ossuary)
  5 orc skeletons (D:4 Ossuary)
  4 orc zombies (Ossuary)
  3 rats (D:1 D:2 D:3)
  3 rat skeletons (Ossuary)
  A rat zombie (Ossuary)
90 creatures vanquished.

Table legend: (Time is in decaauts)
 A = Elapsed time spent in this place.
 B = Non-inter-level travel time spent in this place.
 C = Inter-level travel time spent in this place.
 D = Time resting spent in this place.
 E = Time spent auto-exploring this place.
 F = Levels seen in this place.
 G = Mean time per level.
                   A        B        C        D        E       F      G
               +--------+--------+--------+--------+--------+-----+--------+
         Total |   3274 |   3199 |     75 |    658 |   1709 |   5 |  654.8 |
       Dungeon |   2587 |   2512 |     75 |    492 |   1492 |   4 |  646.8 |
       Ossuary |    687 |    687 |      0 |    166 |    217 |   1 |  687.0 |
               +--------+--------+--------+--------+--------+-----+--------+

Top non-repeatable levels by time:
     D:2: 902 daAuts
     D:1: 849 daAuts
 Ossuary: 687 daAuts
     D:3: 501 daAuts
     D:4: 334 daAuts

Table legend:
 A = Non-vault XP
 B = Vault XP
 C = Vault XP percentage of total XP
 D = Non-vault monster count
 E = Vault monster count
 F = Vault count percentage of total count
                 A         B        C        D         E       F
            +---------+---------+-------+---------+---------+-------
      Total |     152 |     182 |  54.5 |      39 |      51 |  56.7
            +---------+---------+-------+---------+---------+-------
        D:1 |      13 |       0 |   0.0 |       7 |       0 |   0.0
        D:2 |      47 |      15 |  24.2 |      13 |       2 |  13.3
        D:3 |      88 |       0 |   0.0 |      17 |       0 |   0.0
        D:4 |       4 |     122 |  96.8 |       2 |       4 |  66.7
    Ossuary |       0 |      45 | 100.0 |       0 |      45 | 100.0
            +---------+---------+-------+---------+---------+-------
